AoeStats
← Tetragamenon11

Arabia

510148439Analyzed
1v1 RM · 4d ago on Sep 29, 2026· 40m 7s· 2 players
Game mode
Random Map
Map size
Tiny (2 player)
Population
200
Speed
Normal
Resources
Standard
Victory
Conquest
Starting age
Dark Age
Ending age
Imperial Age
RankedLock teamsTeams togetherTeam positionsShared explorationLock speedFull tech treeHidden civsTurbo modeCheats
Victory
Defeat
🇵🇪 Inca · Peru
1316
+18
🇩🇪 Tupi · Germany
1367
-18
Hannes77
6:50 Loom
9:54 Feudal Age
10:11 Champi Runner
11:27 Horse Collar
18:18 Forging
22:54 Castle Age
21:35 Double-Bit Axe
21:41 Gold Mining
23:02 Champi Warrior
24:46 Iron Casting
24:22 Squires
27:27 Scale Mail Armor
31:05 Chain Mail Armor
37:35 Heavy Plow
40:10 Imperial Age
37:54 Bow Saw
37:36 Stone Mining
38:27 Wheelbarrow
Tetragamenon11
7:17 Loom
9:51 Feudal Age
10:16 Champi Runner
11:50 Double-Bit Axe
14:50 Forging
14:58 Scale Mail Armor
18:25 Wheelbarrow
17:30 Horse Collar
20:22 Wheelbarrow
23:55 Castle Age
21:56 Gold Mining
22:07 Horse Collar
24:38 Squires
25:15 Iron Casting
24:06 Champi Warrior
25:18 Chain Mail Armor
25:20 Heavy Plow
25:31 Bow Saw
28:09 Town Watch
28:37 Bow Saw
30:37 Hand Cart
37:44 Imperial Age
37:18 Gold Shaft Mining
36:34 Stone Mining
38:06 Stone Shaft Mining
37:52 Elite Champi Warrior
39:08 Plate Mail Armor
40:09 Blast Furnace
Connection lost

Rejoining the realm…

Still unreachable

The connection could not be restored.

Session expired

The server has moved on; the page needs a fresh start.